 Dungeon Crawl Stone Soup version 0.30.1-4-g462c640d31 (webtiles) character file.

Game seed: 16344501768597475170

702 Babbit the Chopper (level 7, -2/61 HPs)
             Began as a Minotaur Fighter on Sept 18, 2023.
             Slain by a gnoll sergeant
             ... wielding a +2 spear of electrocution
              (20 damage)
             ... on level 5 of the Dungeon.
             The game lasted 00:11:31 (3169 turns).

Babbit the Chopper (Minotaur Fighter)               Turns: 3169, Time: 00:11:37

Health: -2/61      AC: 11    Str: 22    XL:     7   Next: 39%
Magic:  6/6        EV:  8    Int:  5    God:
Gold:   153        SH:  5    Dex: 10    Spells: 6/6 levels left

rFire   . . .        s - +0 hand axe (elec)
rCold   . . .        c - +0 buckler
rNeg    . . .        r - +0 chain mail
rPois   .            (helmet restricted)
rElec   .            (no cloak)
rCorr   .            (no gloves)
SInv    .            a - +0 pair of boots
Will    .....        (no amulet) Stlth
                     (no ring)
HPRegen 0.30/turn    (no ring)
MPRegen 0.10/turn

%: no passive effects
@: lethally poisoned (-2 -> -10)
A: horns 2, retaliatory headbutt
a: no special abilities


You were on level 5 of the Dungeon.
You visited 1 branch of the dungeon, and saw 5 of its levels.

You collected 153 gold pieces.

Inventory:

Hand Weapons
 s - a +0 hand axe of electrocution (weapon)
Missiles
 i - 8 datura-tipped darts (quivered)
Armour
 a - a +0 pair of boots (worn)
 c - a +0 buckler (worn)
 r - a +0 chain mail (worn)
Wands
 l - a wand of polymorph (6)
 t - a wand of roots (7)
Scrolls
 h - a scroll of noise {unknown}
 k - a scroll of magic mapping {unknown}
 m - a scroll of fear {unknown}
 n - a scroll of fog
 o - a scroll of teleportation {unknown}
 q - 2 scrolls of identify {unknown}
Potions
 b - 2 potions of magic {unknown}
 d - 3 potions of might
 e - a potion of invisibility {unknown}
 f - 2 potions of attraction {unknown}
 g - 2 potions of degeneration {unknown}
 j - 2 potions of brilliance {unknown}
 p - a potion of lignification {unknown}


   Skills:
 + Level 5.4 Fighting
 + Level 6.6 Axes
 + Level 0.6 Throwing
 + Level 5.6 Armour
 + Level 2.1 Dodging
 + Level 0.5 Stealth
 + Level 4.9 Shields


You had 6 spell levels left.
You didn't know any spells.
Your spell library contained the following spells:

 Spells                   Type           Power      Damage    Failure   Level
 Kiss of Death            Conj/Necr      0%         2d5       98%         1
 Confusing Touch          Hex            0%         N/A       100%        3
 Stone Arrow              Conj/Erth      0%         3d7       100%        3
 Animate Armour           Summ/Erth      0%         N/A       100%        4
 Dispel Undead            Necr           0%         3d6       100%        4
 Passage of Golubria      Tloc           0%         N/A       100%        4
 Silence                  Hex/Air        0%         N/A       100%        5
 Lehudib's Crystal Spear  Conj/Erth      0%         10d2      100%        8


Dungeon Overview and Level Annotations

Branches:
Dungeon (5/15)
 Temple: D:4-7

Altars:
Hepliaklqana
Xom
The Shining One

Annotations:
D:5 1 transporter


Innate Abilities, Weirdness & Mutations

You have a pair of horns on your head.
You reflexively headbutt those who attack you in melee.


Message History

You closely miss the gnoll. Your headbutt misses the gnoll.
The gnoll hits you with a +0 whip.
You hit the gnoll. Lightning courses through the gnoll!
You kill the gnoll!
Things that are here:
a +0 whip; a wand of mindburst (5); a gnoll corpse A gnoll comes into view.
It is wielding a +0 halberd of venom.
The gnoll shouts!
The gnoll sergeant barely misses you. You furiously retaliate!
You headbutt the gnoll sergeant.
The gnoll moves out of view.
You hit the gnoll sergeant but do no damage.
You headbutt the gnoll sergeant!
The gnoll sergeant is heavily wounded.
The gnoll sergeant hits you with a +0 trident.
You hit the gnoll sergeant but do no damage.
Lightning courses through the gnoll sergeant!
Your headbutt misses the gnoll sergeant.
The gnoll sergeant is almost dead.
The gnoll sergeant completely misses you.
You furiously retaliate!
You headbutt the gnoll sergeant!
You kill the gnoll sergeant!
You hit the gnoll. You headbutt the gnoll.
The gnoll is heavily wounded.
The gnoll sergeant hits you but does no damage.
You are electrocuted!
A gnoll opens the door.
You slash the gnoll!
You kill the gnoll!
The gnoll sergeant hits you but does no damage.
The gnoll hits you from afar with a +0 halberd of venom.
You are poisoned.
The gnoll sergeant hits you but does no damage.
You are electrocuted!!
Items here: )) / ††.
You hit the gnoll sergeant but do no damage.
Your headbutt misses the gnoll sergeant.
You feel very sick. You block the gnoll's attack.
The gnoll sergeant hits you but does no damage.
You are electrocuted!!
You die...

## # .. .# ### ##. ≈.#
..........#≈≈....#
##.##'##.###≈≈..#.#
.#.#P.P#)#..≈≈.##.#
#.'...'.##.≈≈..#.#
..#P.P#@©#.≈≈....######
#.##.##g##.≈≈.##.##...
≈..#.#P..#g#.....##.##.#
~.©#.'.©.')#©..........#
≈..#.#8⌠8#.#.....##.#))#
# #####.##.≈≈.##.#..#
#..#.≈≈.##.#.)#
#.##.≈≈.#...).#
$#.#..≈≈.......#


You could see a gnoll sergeant and a gnoll.

Vanquished Creatures
  A centaur (D:5)
  A gnoll sergeant (D:5)
  2 scorpions (D:5)
  A hound (D:5)
  3 orc priests
  A jelly (D:4)
  An orc wizard (D:4)
  2 iguanas
  Ijyb (D:5)
  4 gnolls (D:5)
  6 adders
  An ufetubus (D:4)
  A worm (D:4)
  3 dart slugs
  8 orcs
  3 ball pythons
  2 bats
  3 endoplasms
  2 giant cockroaches
  3 goblins
  5 hobgoblins
  2 jackals (D:2)
  6 quokkas
  A frilled lizard (D:1)
  10 kobolds
  7 rats
  A butterfly (D:5)
81 creatures vanquished.

Vanquished Creatures (collateral kills)
  An orc wizard (D:5)
  3 orcs (D:5)
  A hobgoblin (D:4)
  A ball python (D:4)
6 creatures vanquished.

Grand Total: 87 creatures vanquished

Notes
Turn   | Place    | Note
-------+----------+-------------------------------------------
     0 | D:1      | Babbit the Minotaur Fighter began the quest for the Orb.
     0 | D:1      | Reached XP level 1. HP: 19/19 MP: 0/0
   251 | D:1      | Reached XP level 2. HP: 27/27 MP: 1/1
   803 | D:2      | Reached skill level 3 in Axes
   803 | D:2      | Reached XP level 3. HP: 33/33 MP: 2/2
  1193 | D:2      | Found a faded altar of an unknown god.
  1446 | D:3      | Reached XP level 4. HP: 41/41 MP: 3/3
  1690 | D:3      | Found a glowing golden altar of the Shining One.
  1901 | D:4      | Reached skill level 4 in Axes
  2068 | D:4      | Reached XP level 5. HP: 41/47 MP: 4/4
  2073 | D:4      | Reached skill level 1 in Dodging
  2610 | D:5      | Entered Level 5 of the Dungeon
  2723 | D:5      | Found a hazy altar of Hepliaklqana.
  2790 | D:5      | Found a shimmering altar of Xom.
  2802 | D:5      | Reached skill level 5 in Axes
  2802 | D:5      | Reached XP level 6. HP: 38/55 MP: 5/5
  2959 | D:5      | Noticed Ijyb
  2965 | D:5      | Killed Ijyb
  2966 | D:5      | Reached skill level 5 in Fighting
  2967 | D:5      | Reached skill level 5 in Armour
  3044 | D:5      | Reached XP level 7. HP: 38/61 MP: 6/6
  3047 | D:5      | Reached skill level 6 in Axes
  3141 | D:5      | Found a transporter.
  3142 | D:5      | Found a transporter.
  3169 | D:5      | Slain by a gnoll sergeant

Illustrated notes

Levels and vault maps discovered:
D:1:      saegor_arrival_simple_b, layout_basic, nicolae_hexahallways,
          hangedman_decor_clover_reticule, chequers_serial_rivers_micro_e,
          kennysheep_minor_cross, kennysheep_another_room
D:2:      layout_loops_ring, basic_ecumenical_altar
D:3:      layout_rooms, tso_oasis_becter
D:4:      layout_rooms, chequers_serial_rivers_small_3
D:5:      layout_loops_ring, xom_butterflies, mainiacjoe_overflow_paths,
          gammafunk_ghost_gnarly_gnolls, minmay_misc_feat_ornament,
          uniq_blork_the_orc, uniq_eustachio, uniq_ijyb

Skill      XL: |  1  2  3  4  5  6  7 |
---------------+----------------------+-----
Shields        | 4 |  4.9
Armour         | 4 5 |  5.6
Fighting       | 4 5 |  5.4
Axes           | 3 4 5 6 |  6.6
Dodging        | 1 2 |  2.1
Throwing       | |  0.6
Stealth        | |  0.5

Action                     |  1- 3 |  4- 6 |  7- 9 || total
---------------------------+-------+-------+-------++-------
  Melee: War axe           |    75 |    64 |       ||   139
         Headbutt          |    11 |    13 |     2 ||    26
         Hand axe          |       |    28 |    16 ||    44
  Throw: Dart              |     1 |     5 |       ||     6
    Use: Scroll            |       |     2 |       ||     2
 Armour: Scale mail        |    36 |    23 |       ||    59
         Chain mail        |       |    32 |     9 ||    41
  Dodge: Dodged            |    28 |    40 |     3 ||    71
  Block: Buckler           |    21 |    22 |     5 ||    48
